 Dungeon Crawl Stone Soup version 0.23.2-40-g277498a001 (webtiles) character file.

Game seed: 14123446320702241193

64 FishyPogo the Chopper (level 3, -4/31 HPs)
             Began as a Minotaur Gladiator on Aug 13, 2019.
             Slain by a gnoll
             ... wielding a +0 halberd
              (12 damage)
             ... on level 2 of the Dungeon.
             The game lasted 00:03:33 (1175 turns).

FishyPogo the Chopper (Minotaur Gladiator)          Turns: 1175, Time: 00:03:34

Health: -4/31      AC:  5    Str: 18    XL:     3   Next: 91%
Magic:  2/2        EV: 12    Int:  5    God:
Gold:   89         SH:  0    Dex: 12    Spells: 2/2 levels left

rFire    . . .     SeeInvis .   a - +0 war axe
rCold    . . .     Gourm    .   (no shield)
rNeg     . . .     Faith    .   j - +0 ring mail
rPois    .         Spirit   .   c - +0 hat
rElec    .         Reflect  .   (no cloak)
rCorr    .         Harm     .   (no gloves)
MR       .....                  (no boots)
Stlth    +.........             (no amulet)
HPRegen  0.10/turn              (no ring)
MPRegen  0.08/turn              (no ring)

@: no status effects
A: retaliatory headbutt, horns 2
a: no special abilities


You were on level 2 of the Dungeon.
You were not hungry.

You visited 1 branch of the dungeon, and saw 2 of its levels.

You collected 89 gold pieces.

Inventory:

Hand Weapons
 a - a +0 war axe (weapon)
Missiles
 d - 3 throwing nets
 g - 34 stones (quivered)
Armour
 c - a +0 hat (worn)
 j - a +0 ring mail (worn)
Scrolls
 b - 2 scrolls of amnesia {unknown}
 e - a scroll of remove curse {unknown}
 h - a scroll of teleportation {unknown}
 i - 2 scrolls of identify {unknown}
Potions
 l - a potion of degeneration {unknown}
Comestibles
 f - a ration
 k - 3 chunks of flesh


   Skills:
 * Level 3.2 Fighting
 * Level 4.1 Axes
 + Level 2.2 Throwing
 * Level 1.6 Armour
 - Level 4.0 Dodging


You had 2 spell levels left.
You didn't know any spells.
Your spell library was empty.

Dungeon Overview and Level Annotations

Branches:
Dungeon (2/15)

Altars:
Gozag
Okawaru
Wu Jian


Innate Abilities, Weirdness & Mutations

You reflexively headbutt those who attack you in melee.
You have a pair of horns on your head.


Message History

Things that are here:
a +0 flail; a gnoll corpse You are too injured to fight recklessly!
You hit the gnoll. Your headbutt misses the gnoll.
The gnoll is heavily wounded.
You barely miss the gnoll. The gnoll barely misses you. x2
You completely miss the gnoll.
The gnoll is heavily wounded.
You closely miss the gnoll. The gnoll closely misses you.
You furiously retaliate!
You headbutt the gnoll!
You kill the gnoll!
The gnoll hits you with a +0 halberd!
* * * LOW HITPOINT WARNING * * *
You closely miss the gnoll. The gnoll barely misses you.
You furiously retaliate!
You headbutt the gnoll. You hit the gnoll.
The gnoll is moderately wounded.
The gnoll barely misses you. You furiously retaliate!
You headbutt the gnoll. The gnoll hits you with a +0 halberd!
You die...

#......### ##..
..###......#
###
#..........#
####..#.#.#####
###..#.......#
........####.#
.###..#.# #.# >
#..#%# #..
###..#@######.
### #......)g.#
.# ##..
#.##..._...# #
##... #.._8_..#
#..g.
#........#
.$..gg.
##.....#...
###(...
.....####.#
#.... ......#
... #....
.......# ##
?.....


You could see a gnoll.

Vanquished Creatures
  2 gnolls (D:2)
  An adder (D:2)
  2 oozes (D:1)
  A dart slug (D:1)
  A leopard gecko (D:2)
  A giant cockroach (D:1)
  3 goblins (D:1)
  3 hobgoblins
  2 jackals (D:1)
  A quokka (D:2)
  3 bats (D:1)
  2 frilled lizards (D:1)
  4 rats
26 creatures vanquished.

Notes
Turn   | Place    | Note
-------+----------+-------------------------------------------
     0 | D:1      | FishyPogo the Minotaur Gladiator began the quest for the
                  | Orb.
     0 | D:1      | Reached XP level 1. HP: 18/18 MP: 0/0
   228 | D:1      | Reached XP level 2. HP: 20/25 MP: 1/1
   923 | D:1      | Reached skill level 1 in Armour
   923 | D:1      | Reached XP level 3. HP: 17/30 MP: 2/2
  1149 | D:2      | Found an opulent altar of Gozag.
  1160 | D:2      | Found an ornate altar of the Wu Jian Council.
  1161 | D:2      | Found an iron altar of Okawaru.
  1175 | D:2      | Slain by a gnoll

Skill      XL: |  1  2  3 |
---------------+----------+-----
Dodging        | 4 |  4.0
Armour         | 1 |  1.6
Fighting       | 3 |  3.2
Axes           | 4 |  4.1
Throwing       | |  2.2

Action                   || total
-------------------------++-------
Melee: War axe           ||    49
       Headbutt          ||     5
Throw: Stone             ||     2
  Eat: Chunk             ||     1
Armor: Leather armour    ||     6
       Ring mail         ||    13
Dodge: Dodged            ||    39
